 Dungeon Crawl Stone Soup version 0.28-a0-1312-g71652a0310 (webtiles) character file.

Game seed: 16325433221884998831

5838 sanka the Carver (level 10, 0/82 HPs)
             Began as a Gnoll Cinder Acolyte on Dec 26, 2021.
             Was a High Priest of Ignis.
             Succumbed to a gnoll's poison
             ... on level 8 of the Dungeon on Dec 27, 2021.
             The game lasted 00:26:09 (13703 turns).

sanka the Carver (Gnoll Cinder Acolyte)            Turns: 13703, Time: 00:26:09

Health: 0/82       AC: 11    Str: 14    XL:     10   Next: 80%
Magic:  19/19      EV: 12    Int: 17    God:    Ignis [*****.]
Gold:   681        SH: 10    Dex:  8    Spells: 17/21 levels left

rFire   + . .      SeeInvis .   b - +1 whip (elec)
rCold   . . .      Faith    .   p - +1 buckler {AC+3}
rNeg    + . .      Spirit   .   s - +1 leather armour {rN+}
rPois   .          Reflect  +   q - +1 helmet
rElec   .          Harm     .   (no cloak)
rCorr   .          Rampage  .   (no gloves)
Will    .....                   h - +0 pair of boots
Stlth   ++........              G - amulet of reflection
HPRegen 0.23/turn               (no ring)
MPRegen 0.16/turn               (no ring)

@: lethally poisoned (0 -> -18), wereblooded, attractive
A: fangs 1, strong nose, distributed training
a: Renounce Religion, Fiery Armour, Foxfire Swarm, Rising Flame


You were on level 8 of the Dungeon.
You worshipped Ignis.
Ignis was extremely pleased with you.
You visited 1 branch of the dungeon, and saw 8 of its levels.
You also visited: Bailey.

You collected 681 gold pieces.


Innate Abilities, Weirdness & Mutations

You have very sharp teeth.
Your uncanny sense of smell can sniff out nearby items.
Your experience applies equally to all skills.


   Skills:
 + Level 8.7 Fighting
 + Level 5.6 Short Blades
 + Level 8.7 Long Blades
 + Level 5.6 Axes
 + Level 5.6 Maces & Flails
 + Level 5.6 Polearms
 + Level 5.6 Staves
 + Level 5.6 Slings
 + Level 5.6 Bows
 + Level 5.6 Crossbows
 + Level 5.6 Throwing
 + Level 5.6 Armour
 + Level 5.6 Dodging
 + Level 5.6 Stealth
 + Level 5.6 Shields
 + Level 5.6 Unarmed Combat
 + Level 6.3 Spellcasting
 + Level 4.6 Conjurations
 + Level 4.6 Hexes
 + Level 4.6 Summonings
 + Level 4.6 Necromancy
 + Level 4.6 Translocations
 + Level 4.6 Transmutations
 + Level 7.2 Fire Magic
 + Level 4.6 Ice Magic
 + Level 4.6 Air Magic
 + Level 4.6 Earth Magic
 + Level 4.6 Poison Magic
 + Level 6.2 Invocations
 + Level 5.6 Evocations


You had 17 spell levels left.
You knew the following spells:

 Your Spells              Type           Power      Damage    Failure   Level
u - Wereblood             Tmut           21%        N/A       3%          2
y - Scorch                Fire           60%        2d8       1%          2

Your spell library contained the following spells:

 Spells                   Type           Power      Damage    Failure   Level
 Beastly Appendage        Tmut           42%        N/A       2%          1
 Slow                     Hex            84%        N/A       2%          1
 Confusing Touch          Hex            21%        N/A       7%          3
 Spider Form              Tmut/Pois      21%        N/A       7%          3
 Vampiric Draining        Necr           21%        2d7       7%          3
 Hailstorm                Conj/Ice       21%        3d6       22%         4
 Ice Form                 Ice/Tmut       21%        N/A       22%         4
 Leda's Liquefaction      Hex/Erth       10%        N/A       22%         4
 Lee's Rapid Deconstruct  Erth           10%        3d9*      52%         5
 Simulacrum               Ice/Necr       10%        N/A       98%         6
 Statue Form              Tmut/Erth      14%        N/A       98%         6

Inventory:

Hand Weapons
 a - a +4 falchion
 b - a +1 whip of electrocution (weapon)
 w - a -1 falchion of flaming
 x - a +0 great sword
 M - a +2 executioner's axe of venom
 N - a +0 bardiche
Missiles
 g - a curare-tipped dart {=f}
 A - 4 silver javelins
 B - 3 throwing nets {=f}
 O - 20 javelins
Armour
 h - a +0 pair of boots (worn)
 p - a +1 buckler of protection (worn)
 q - a +1 helmet (worn)
 s - a +1 leather armour of positive energy (worn)
 K - a +0 crystal plate armour
Magical Staves
 n - a staff of earth
 L - a staff of air
 S - a staff of death
Jewellery
 u - a ring of protection from fire
 E - a ring of ice
 G - an amulet of reflection (around neck)
Wands
 z - a wand of flame (15)
 C - a wand of paralysis (15)
 H - a wand of mindburst (8)
 J - a wand of iceblast (14)
Scrolls
 c - 2 scrolls of magic mapping
 d - a scroll of noise {!r}
 f - 3 scrolls of vulnerability {!r}
 i - a scroll of enchant weapon {unknown}
 j - a scroll of torment {!r}
 k - 2 scrolls of fear
 v - 6 scrolls of enchant armour
 D - a scroll of silence {!r}
 I - 2 scrolls of teleportation {@r4}
 P - a scroll of acquirement {unknown}
 Q - a scroll of identify {@r1}
Potions
 e - 2 potions of mutation {unknown}
 l - 3 potions of attraction {!q}
 m - 4 potions of lignification {unknown}
 o - 3 potions of degeneration {unknown}
 r - 3 potions of might {unknown}
 t - a potion of flight {unknown}
 y - 4 potions of heal wounds {unknown}
 F - 2 potions of curing {unknown}
 R - a potion of haste {unknown}

Dungeon Overview and Level Annotations

Branches:
Dungeon (8/15)             Temple (0/1) D:7            Lair (0/6) D:8
 Bailey (visited)

Altars:

Shops:
D:3 =

Annotations:
D:8 1 transporter, Somebody's ghost, novice DrCA

▒ ▒.▒▒..▒▒▒.....▒▒▒..▒.▒▒..▒▒▒ ▒
▒.▒......................... ▒
▒.▒...≈≈≈≈≈≈≈≈≈≈≈≈≈≈≈≈≈≈≈≈≈≈ ▒
▒.▒.(.≈≈≈≈≈≈≈≈≈≈≈≈≈≈≈≈≈≈≈≈≈≈
▒▒▒▒▒▒.▒...≈≈▒▒▒▒▒...........▒▒▒▒
...........≈≈▒.▒.▒.▒▒▒.©.▒▒▒.▒.▒g
▒▒▒▒.▒▒▒...≈≈▒!..▒▒▒.▒▒▒▒▒g▒▒▒ggg
▒▒▒▒.▒ ▒...≈≈▒▒▒.........gg....▒▒
.....▒ ▒...≈≈.8▒g▒▒▒▒▒▒'▒▒▒'▒▒.▒8
.▒▒▒.▒▒▒...≈≈.▒▒W▒...▒8g.▒...▒g▒▒
.▒▒▒+▒.....≈≈.▒.g'..:▒⌠gg....'..▒
.▒≈▒.▒▒▒...≈≈.▒▒g▒..}▒8.g▒...▒.▒▒
.▒▒▒.▒▒▒...≈≈.8▒g▒▒▒▒▒▒'▒▒▒'▒▒.▒8
.+.....'...≈≈▒▒▒.....gg........▒▒
▒▒▒▒.▒▒▒▒..≈≈▒...▒▒▒.▒▒▒▒▒©▒▒▒...
▒.▒≈▒▒..≈≈▒.▒.▒.▒▒▒.©.▒▒▒.▒W▒g
▒'▒▒▒▒..≈≈▒▒▒▒▒...........▒▒▒▒


You could see 2 gnoll sergeants, Somebody's ghost and a gnoll.


Message History

You feel sick. You block the gnoll sergeant's attack.
You feel sick. You block the gnoll sergeant's attack.
A stone wall.
You feel sick.
Somebody's ghost says, "You will join me soon!"
You feel sick.
Somebody's ghost says, "Are you willing to die fighting?
I was!"
You block the gnoll's attack.
You feel sick. The gnoll closely misses you.
You feel sick.
Somebody's ghost screams, "I'll kill anyone who wants the ORB!"
The gnoll closely misses you.
There is an open translucent door here.
You feel sick.
The gnoll hits you with a +0 spear of venom.
* * * LOW HITPOINT WARNING * * *
You are more poisoned.
Unknown command.
You feel sick.
The gnoll hits you from afar with a +0 spear of venom.
* * * LOW HITPOINT WARNING * * *
You are more poisoned.
Unknown command.
It was a potion of attraction.
You feel attractive to monsters.
You howl as the wereblood boils in your veins!
You die...

Action                   |  1- 3 |  4- 6 |  7- 9 | 10-12 || total
-------------------------+-------+-------+-------+-------++-------
Melee: Falchion          |    90 |   139 |   140 |     2 ||   371
       Bite              |     2 |    11 |    40 |     9 ||    62
       Whip              |       |       |   226 |   151 ||   377
 Cast: Scorch            |     2 |    32 |    78 |    53 ||   165
       Wereblood         |       |       |     3 |     2 ||     5
Evoke: Wand              |       |       |     3 |     2 ||     5
  Use: Scroll            |       |       |     8 |     1 ||     9
       Potion            |       |       |       |     1 ||     1
 Stab: Sleeping          |       |     2 |     2 |     2 ||     6
       Paralysed         |       |       |     7 |       ||     7
Armor: Robe              |    15 |    14 |       |       ||    29
       Leather armour    |       |    42 |   145 |    37 ||   224
Dodge: Dodged            |    47 |    70 |   254 |    74 ||   445
Block: Buckler           |       |    29 |   227 |    93 ||   349
       Reflection        |       |       |     5 |     3 ||     8

Levels and vault maps discovered:
D:1:      dpeg_arrival_triangle_fractal, layout_basic
D:2:      layout_basic
D:3:      layout_basic, serial_shops, shop, kennysheep_path_1,
          minmay_joined_circles
D:4:      layout_cave_pods
D:5:      layout_cave_pods, serial_column_ruins, column_ruins_hut_pillars,
          column_ruins_temple_circle, column_ruins_open_small_water,
          column_ruins_grid_3, column_ruins_open_tiny, column_ruins_grid_1
D:6:      layout_gridville
D:7:      layout_loops_ring, minmay_temple_entry_stoned_glass, enter_bailey_4,
          st_stairs_1
D:8:      layout_loops_ring, erik_lair_dragon, gammafunk_ghost_gnarly_gnolls,
          serial_shops, nicolae_shop_hallway_plus

Notes
Turn   | Place    | Note
-------+----------+-------------------------------------------
     0 | D:1      | sanka the Gnoll Cinder Acolyte began the quest for the Orb.
     0 | D:1      | Reached XP level 1. HP: 23/23 MP: 4/4
   189 | D:1      | Reached XP level 2. HP: 29/29 MP: 5/5
   834 | D:1      | Reached XP level 3. HP: 35/35 MP: 7/7
   840 | D:1      | Learned a level 2 spell: Scorch
  1491 | D:2      | Reached skill level 1 in Invocations
  1649 | D:2      | Reached skill level 1 in Short Blades
  1649 | D:2      | Reached skill level 1 in Axes
  1649 | D:2      | Reached skill level 1 in Maces & Flails
  1649 | D:2      | Reached skill level 1 in Polearms
  1649 | D:2      | Reached skill level 1 in Staves
  1649 | D:2      | Reached skill level 1 in Slings
  1649 | D:2      | Reached skill level 1 in Bows
  1649 | D:2      | Reached skill level 1 in Crossbows
  1649 | D:2      | Reached skill level 1 in Throwing
  1649 | D:2      | Reached skill level 1 in Armour
  1649 | D:2      | Reached skill level 1 in Dodging
  1649 | D:2      | Reached skill level 1 in Stealth
  1649 | D:2      | Reached skill level 1 in Shields
  1649 | D:2      | Reached skill level 1 in Unarmed Combat
  1649 | D:2      | Reached skill level 1 in Evocations
  1946 | D:2      | Reached XP level 4. HP: 38/41 MP: 8/8
  2447 | D:3      | Reached skill level 3 in Spellcasting
  2704 | D:3      | Reached skill level 1 in Conjurations
  2704 | D:3      | Reached skill level 1 in Hexes
  2704 | D:3      | Reached skill level 1 in Summonings
  2704 | D:3      | Reached skill level 1 in Necromancy
  2704 | D:3      | Reached skill level 1 in Translocations
  2704 | D:3      | Reached skill level 1 in Transmutations
  2704 | D:3      | Reached skill level 1 in Ice Magic
  2704 | D:3      | Reached skill level 1 in Air Magic
  2704 | D:3      | Reached skill level 1 in Earth Magic
  2704 | D:3      | Reached skill level 1 in Poison Magic
  3172 | D:3      | Found Rixesty's Jewellery Shoppe.
  3409 | D:4      | Reached XP level 5. HP: 43/47 MP: 9/9
  3577 | D:4      | Noticed a centaur
  3586 | D:4      | Killed a centaur
  3829 | D:4      | Noticed a black bear
  3837 | D:4      | Killed a black bear
  3838 | D:4      | Reached skill level 2 in Short Blades
  3838 | D:4      | Reached skill level 2 in Axes
  3838 | D:4      | Reached skill level 2 in Maces & Flails
  3838 | D:4      | Reached skill level 2 in Polearms
  3838 | D:4      | Reached skill level 2 in Staves
  3838 | D:4      | Reached skill level 2 in Slings
  3838 | D:4      | Reached skill level 2 in Bows
  3838 | D:4      | Reached skill level 2 in Crossbows
  3838 | D:4      | Reached skill level 2 in Throwing
  3838 | D:4      | Reached skill level 2 in Armour
  3838 | D:4      | Reached skill level 2 in Dodging
  3838 | D:4      | Reached skill level 2 in Stealth
  3838 | D:4      | Reached skill level 2 in Shields
  3838 | D:4      | Reached skill level 2 in Unarmed Combat
  3838 | D:4      | Reached skill level 2 in Invocations
  3838 | D:4      | Reached skill level 2 in Evocations
  3838 | D:4      | Reached XP level 6. HP: 53/53 MP: 3/11
  4408 | D:4      | Reached XP level 7. HP: 59/59 MP: 5/12
  4432 | D:4      | Reached skill level 7 in Fighting
  4432 | D:4      | Reached skill level 7 in Long Blades
  4790 | D:4      | HP: 3/54 [wight (12)]
  4820 | D:4      | HP: 2/54 [wight (6)]
  5122 | D:4      | Reached skill level 2 in Conjurations
  5122 | D:4      | Reached skill level 2 in Hexes
  5122 | D:4      | Reached skill level 2 in Summonings
  5122 | D:4      | Reached skill level 2 in Necromancy
  5122 | D:4      | Reached skill level 2 in Translocations
  5122 | D:4      | Reached skill level 2 in Transmutations
  5122 | D:4      | Reached skill level 2 in Ice Magic
  5122 | D:4      | Reached skill level 2 in Air Magic
  5122 | D:4      | Reached skill level 2 in Earth Magic
  5122 | D:4      | Reached skill level 2 in Poison Magic
  5362 | D:5      | Entered Level 5 of the Dungeon
  5642 | D:5      | Reached skill level 3 in Invocations
  5996 | D:5      | Reached skill level 4 in Spellcasting
  6019 | D:5      | Reached skill level 6 in Fire Magic
  6019 | D:5      | Reached XP level 8. HP: 66/67 MP: 14/14
  6082 | D:5      | Found a faded altar of an unknown god.
  6249 | D:5      | Reached skill level 3 in Short Blades
  6249 | D:5      | Reached skill level 3 in Axes
  6249 | D:5      | Reached skill level 3 in Maces & Flails
  6249 | D:5      | Reached skill level 3 in Polearms
  6249 | D:5      | Reached skill level 3 in Staves
  6249 | D:5      | Reached skill level 3 in Slings
  6249 | D:5      | Reached skill level 3 in Bows
  6249 | D:5      | Reached skill level 3 in Crossbows
  6249 | D:5      | Reached skill level 3 in Throwing
  6249 | D:5      | Reached skill level 3 in Armour
  6249 | D:5      | Reached skill level 3 in Dodging
  6249 | D:5      | Reached skill level 3 in Stealth
  6249 | D:5      | Reached skill level 3 in Shields
  6249 | D:5      | Reached skill level 3 in Unarmed Combat
  6249 | D:5      | Reached skill level 3 in Evocations
  6748 | D:5      | Learned a level 2 spell: Wereblood
  6800 | D:6      | Identified the +6 dagger of Bolunoas {holy, Dex+2}
  7293 | D:6      | Reached skill level 4 in Invocations
  7326 | D:6      | Reached skill level 3 in Conjurations
  7326 | D:6      | Reached skill level 3 in Hexes
  7326 | D:6      | Reached skill level 3 in Summonings
  7326 | D:6      | Reached skill level 3 in Necromancy
  7326 | D:6      | Reached skill level 3 in Translocations
  7326 | D:6      | Reached skill level 3 in Transmutations
  7326 | D:6      | Reached skill level 3 in Ice Magic
  7326 | D:6      | Reached skill level 3 in Air Magic
  7326 | D:6      | Reached skill level 3 in Earth Magic
  7326 | D:6      | Reached skill level 3 in Poison Magic
  7470 | D:6      | Reached XP level 9. HP: 72/72 MP: 14/16
  7764 | D:6      | Upgraded the game from 0.28-a0-1286-g6bde065e89 to
                  | 0.28-a0-1312-g71652a0310
  7984 | D:7      | Reached skill level 4 in Short Blades
  7984 | D:7      | Reached skill level 4 in Axes
  7984 | D:7      | Reached skill level 4 in Maces & Flails
  7984 | D:7      | Reached skill level 4 in Polearms
  7984 | D:7      | Reached skill level 4 in Staves
  7984 | D:7      | Reached skill level 4 in Slings
  7984 | D:7      | Reached skill level 4 in Bows
  7984 | D:7      | Reached skill level 4 in Crossbows
  7984 | D:7      | Reached skill level 4 in Throwing
  7984 | D:7      | Reached skill level 4 in Armour
  7984 | D:7      | Reached skill level 4 in Dodging
  7984 | D:7      | Reached skill level 4 in Stealth
  7984 | D:7      | Reached skill level 4 in Shields
  7984 | D:7      | Reached skill level 4 in Unarmed Combat
  7984 | D:7      | Reached skill level 5 in Spellcasting
  7984 | D:7      | Reached skill level 4 in Evocations
  8105 | D:7      | Found a flagged portal.
  8235 | Bailey   | Entered a bailey
  8493 | Bailey   | Identified a +0 crystal plate armour
  9068 | Bailey   | Reached skill level 8 in Fighting
  9068 | Bailey   | Reached skill level 8 in Long Blades
  9302 | Bailey   | Reached skill level 5 in Invocations
  9922 | Bailey   | Reached XP level 10. HP: 75/80 MP: 5/18
  9924 | Bailey   | Reached skill level 4 in Conjurations
  9924 | Bailey   | Reached skill level 4 in Hexes
  9924 | Bailey   | Reached skill level 4 in Summonings
  9924 | Bailey   | Reached skill level 4 in Necromancy
  9924 | Bailey   | Reached skill level 4 in Translocations
  9924 | Bailey   | Reached skill level 4 in Transmutations
  9924 | Bailey   | Reached skill level 4 in Ice Magic
  9924 | Bailey   | Reached skill level 4 in Air Magic
  9924 | Bailey   | Reached skill level 4 in Earth Magic
  9924 | Bailey   | Reached skill level 4 in Poison Magic
 10416 | Bailey   | Reached skill level 5 in Short Blades
 10416 | Bailey   | Reached skill level 5 in Axes
 10416 | Bailey   | Reached skill level 5 in Maces & Flails
 10416 | Bailey   | Reached skill level 5 in Polearms
 10416 | Bailey   | Reached skill level 5 in Staves
 10416 | Bailey   | Reached skill level 5 in Slings
 10416 | Bailey   | Reached skill level 5 in Bows
 10416 | Bailey   | Reached skill level 5 in Crossbows
 10416 | Bailey   | Reached skill level 5 in Throwing
 10416 | Bailey   | Reached skill level 5 in Armour
 10416 | Bailey   | Reached skill level 5 in Dodging
 10416 | Bailey   | Reached skill level 5 in Stealth
 10416 | Bailey   | Reached skill level 5 in Shields
 10416 | Bailey   | Reached skill level 5 in Unarmed Combat
 10416 | Bailey   | Reached skill level 5 in Evocations
 11216 | D:7      | Found a staircase to the Ecumenical Temple.
 11220 | D:7      | Reached skill level 7 in Fire Magic
 11701 | D:7      | Reached skill level 6 in Spellcasting
 12195 | D:8      | Found Hovera's Antique Armour Shop.
 12217 | D:8      | Found a transporter.
 12223 | D:8      | Found a transporter.
 12230 | D:8      | Found a staircase to the Lair.
 12926 | D:8      | Reached skill level 6 in Invocations
 12949 | D:8      | HP: 8/82 [wyvern (4)]
 13470 | D:8      | Identified the ring of Neurosis {rF+ rN+ Int+3}
 13655 | D:8      | Noticed Somebody's ghost (novice DrCA)
 13702 | D:8      | HP: 4/82 [gnoll (5)]
 13703 | D:8      | Succumbed to a gnoll's poison

Vanquished Creatures
  A komodo dragon (D:8)
  4 wyverns (D:8)
  A basilisk (D:8)
  2 steam dragons (D:8)
  12 orc warriors
  2 sky beasts (D:7)
  2 black bears
  A hornet zombie (D:5)
  3 ogres
  A necrophage (D:6)
  14 centaurs
  A kobold brigand (D:7)
  2 bullfrogs
  A gnoll sergeant (D:8)
  A wyvern zombie (D:6)
  A water moccasin zombie (D:6)
  A scorpion (D:5)
  5 wights
  A howler monkey (D:8)
  2 hounds (D:6)
  2 jellies
  2 bullfrog zombies (D:6)
  3 centaur zombies
  2 centaur skeletons
  An orc priest (D:5)
  A gnoll shaman (D:7)
  An iguana (D:5)
  2 orc wizards (D:7)
  A killer bee zombie (D:8)
  A hound skeleton (D:4)
  A howler monkey zombie (D:8)
  5 adders
  18 gnolls
  A shadow imp (D:5)
  2 white imps (D:7)
  An ufetubus (D:4)
  3 worms
  2 dart slugs
  36 orcs
  7 ball pythons
  9 endoplasms
  3 giant cockroaches
  7 hobgoblins
  6 jackals
  5 quokkas
  5 bats
  7 frilled lizards
  11 goblins
  A jackal skeleton (D:4)
  10 kobolds
  7 rats
221 creatures vanquished.

Vanquished Creatures (others)
  An orc (D:8)
  6 plants (D:8)
7 creatures vanquished.

Grand Total: 228 creatures vanquished
